 Dungeon Crawl Stone Soup version 0.29-a0-284-gf9362112df (webtiles) character file.

Game seed: 6077183538018741154

104 rabbitsville the Slasher (level 4, -2/35 HPs)
             Began as a Merfolk Gladiator on Mar 17, 2022.
             Slain by a gnoll
             ... wielding a +0 club
              (4 damage)
             ... on level 2 of the Dungeon.
             The game lasted 00:05:47 (1718 turns).

rabbitsville the Slasher (Merfolk Gladiator)        Turns: 1718, Time: 00:05:48

Health: -2/35      AC:  4    Str: 18    XL:     4   Next: 80%
Magic:  4/4        EV: 13    Int:  7    God:
Gold:   57         SH:  0    Dex: 15    Spells: 3/3 levels left

rFire   . . .      SeeInvis .   a - +0 long sword
rCold   . . .      Faith    .   (no shield)
rNeg    . . .      Spirit   .   b - +0 leather armour
rPois   .          Reflect  .   c - +0 helmet
rElec   .          Harm     .   (no cloak)
rCorr   .          Rampage  .   (no gloves)
Will    .....                   (no boots)
Stlth   +.........              (no amulet)
HPRegen 0.11/turn               (no ring)
MPRegen 0.09/turn               (no ring)

@: no status effects
A: (nimble swimmer 2), mertail, strong 1
a: no special abilities


You were on level 2 of the Dungeon.
You visited 1 branch of the dungeon, and saw 2 of its levels.

You collected 57 gold pieces.

Inventory:

Hand Weapons
 a - a +0 long sword (weapon)
Missiles
 d - 3 throwing nets (quivered)
 e - a javelin
Armour
 b - a +0 leather armour (worn)
 c - a +0 helmet (worn)
Scrolls
 f - 3 scrolls of teleportation {unknown}
 i - 2 scrolls of fear {unknown}
 l - a scroll of magic mapping {unknown}


   Skills:
 + Level 3.5 Fighting
 * Level 5.7 Long Blades
 - Level 2.0 Throwing
 - Level 4.0 Dodging


You had 3 spell levels left.
You didn't know any spells.
Your spell library contained the following spells:

 Spells                   Type           Power      Damage    Failure   Level
 Summon Small Mammal      Summ           0%         N/A       50%         1
 Call Canine Familiar     Summ           0%         N/A       86%         3
 Malign Gateway           Summ/Tloc      0%         N/A       100%        7


Dungeon Overview and Level Annotations

Branches:
Dungeon (2/15)

Altars:

Shops:
D:2 *


Innate Abilities, Weirdness & Mutations

((You are very nimble when in or above water. (Stealth+, EV+, Speed+++)))
Your lower body shifts to a powerful aquatic tail in water.
Your muscles are strong. (Str +2)


Message History

You closely miss the gnoll.
The gnoll is almost dead.
The gnoll splashes around in the water.
The gnoll misses you. The gnoll completely misses you.
You completely miss the gnoll. You tail-slap the gnoll.
You kill the gnoll!
You hear a splash.
The gnoll hits you but does no damage. The gnoll completely misses you.
The gnoll splashes around in the water.
You start resting.
A gnoll is nearby!
You start resting.
A gnoll is nearby!
You start resting.
A gnoll is nearby!
A hobgoblin comes into view.
The hobgoblin shouts!
You hit the gnoll but do no damage. The gnoll closely misses you.
You closely miss the gnoll. The gnoll barely misses you.
You slash the gnoll!
The gnoll is severely wounded.
The gnoll completely misses you.
You closely miss the gnoll.
The gnoll is severely wounded.
The gnoll hits you with a +0 halberd!
* * * LOW HITPOINT WARNING * * *
You hit the gnoll but do no damage.
The gnoll is severely wounded.
The gnoll misses you.
You slash the gnoll!
You kill the gnoll!
You hear a splash.
There is a stone staircase leading down here.
The gnoll attacks as you move away! The gnoll barely misses you.
The gnoll attacks as you move away! The gnoll hits you with a +0 club.
* * * LOW HITPOINT WARNING * * *
You hit the gnoll.
The gnoll is moderately wounded.
The gnoll hits you with a +0 club.
You die...

#†≈♣♣♣≈.≈♣♣♣≈.≈♣♣♣≈.≈♣♣
#.≈♣ ♣≈g≈♣ ♣≈)≈♣ ♣≈.≈♣
#≈≈♣♣♣≈.≈♣♣♣≈g≈♣♣♣≈.≈♣♣♣
#≈≈≈≈≈≈≈≈≈≈≈≈≈≈≈≈≈≈.≈≈≈≈
#≈..≈≈....≈.≈≈....≈≈≈.≈≈
......#########.#...######
.####.. ....#>### ####
.#.##g# #. ##.@.# # #.####
#. #


You could see a gnoll.

Vanquished Creatures
  3 gnolls (D:2)
  3 adders (D:2)
  A worm (D:2)
  3 bats
  3 endoplasms
  2 giant cockroaches (D:1)
  3 goblins
  4 hobgoblins
  2 jackals (D:2)
  3 kobolds
  5 quokkas
  6 ball pythons
  5 frilled lizards
  5 rats
48 creatures vanquished.

Notes
Turn   | Place    | Note
-------+----------+-------------------------------------------
     0 | D:1      | rabbitsville the Merfolk Gladiator began the quest for the
                  | Orb.
     0 | D:1      | Reached XP level 1. HP: 16/16 MP: 1/1
   148 | D:1      | Reached skill level 4 in Long Blades
   348 | D:1      | Reached XP level 2. HP: 23/23 MP: 2/2
   464 | D:1      | Got Sif Muna's Disquisition on the Entourage
   864 | D:1      | Reached XP level 3. HP: 28/28 MP: 3/3
  1256 | D:2      | Reached skill level 5 in Long Blades
  1265 | D:2      | Found Retis's Assorted Antiques.
  1456 | D:2      | Gained mutation: Your muscles are strong. (Str +2) [potion
                  | of mutation]
  1461 | D:2      | Reached XP level 4. HP: 33/35 MP: 4/4
  1718 | D:2      | Slain by a gnoll

Illustrated notes

Levels and vault maps discovered:
D:1:      lightli_arrival_statuegarden, layout_loops_corners, minivault_14,
          minmay_pentomino_x4
D:2:      layout_loops_ring, serial_shops, shop,
          nicolae_shop_competitors_out_of_business, kennysheep_boxes

Skill      XL: |  1  2  3 |
---------------+----------+-----
Long Blades    | 4 5 |  5.7
Fighting       | 3 |  3.5
Throwing       | |  2.0
Dodging        | |  4.0

Action                   |  1- 3 |  4- 6 || total
-------------------------+-------+-------++-------
Melee: Long sword        |   102 |    40 ||   142
       Punch             |     1 |       ||     1
       Tailslap          |       |     4 ||     4
  Use: Potion            |     4 |       ||     4
 Stab: Sleeping          |     1 |     1 ||     2
Armor: Leather armour    |    31 |     5 ||    36
Dodge: Dodged            |    79 |    36 ||   115

Table legend: (Time is in decaauts)
 A = Elapsed time spent in this place.
 B = Non-inter-level travel time spent in this place.
 C = Inter-level travel time spent in this place.
 D = Time resting spent in this place.
 E = Time spent auto-exploring this place.
 F = Levels seen in this place.
 G = Mean time per level.
                   A        B        C        D        E       F      G
               +--------+--------+--------+--------+--------+-----+--------+
         Total |   1692 |   1692 |      0 |     89 |   1028 |   2 |  846.0 |
       Dungeon |   1692 |   1692 |      0 |     89 |   1028 |   2 |  846.0 |
               +--------+--------+--------+--------+--------+-----+--------+

Top non-repeatable levels by time:
     D:1: 1097 daAuts
     D:2: 594 daAuts
